 Dungeon Crawl Stone Soup version 0.23.2-40-g277498a001 (webtiles) character file.

Game seed: 8449785461706910827

4858 FishyPogo the Martial Artist (level 10, -3/76 HPs)
             Began as a Gnoll Transmuter on Oct 6, 2019.
             Was a Priest of Makhleb.
             Slain by a troll (15 damage)
             ... on level 9 of the Dungeon.
             The game lasted 00:26:04 (6325 turns).

FishyPogo the Martial Artist (Gnoll Transmuter)     Turns: 6325, Time: 00:26:04

Health: -3/76      AC:  2    Str: 14    XL:     10   Next: 50%
Magic:  19/21      EV: 29    Int: 15    God:    Makhleb [***...]
Gold:   412        SH:  0    Dex: 28    Spells: 11/23 levels left

rFire    . . .     SeeInvis .     - Unarmed
rCold    + . .     Gourm    +   (shield currently unavailable)
rNeg     . . .     Faith    .   (armour currently unavailable)
rPois    x         Spirit   .   (helmet currently unavailable)
rElec    .         Reflect  .   (cloak currently unavailable)
rCorr    .         Harm     .   (gloves currently unavailable)
MR       .....                  (boots currently unavailable)
Stlth    ++++......             l - amulet of the gourmand
HPRegen  0.22/turn              K - +5 ring of dexterity
MPRegen  0.17/turn              H - ring of protection from cold (curse)

@: spider-form
A: tiny, distributed training, strong nose
a: End Transformation, Minor Destruction, Lesser Servant of Makhleb, Renounce
Religion


You were on level 9 of the Dungeon.
You worshipped Makhleb.
Makhleb was most pleased with you.
You were completely stuffed.
You were a venomous arachnid creature.
You visited 1 branch of the dungeon, and saw 9 of its levels.

You collected 412 gold pieces.

Inventory:

Hand Weapons
 a - the +7 Singing Sword (melded) {slice, sonic wave}
   (You found it on level 8 of the Dungeon)

   It inflicts extra damage upon your enemies.
 D - a +2 dagger of venom
 G - the cursed +0 hunting sling "Zyaxuxit" {freeze, MR+}
   (You took it off an orc on level 6 of the Dungeon)

   It causes projectiles fired from it to freeze those they strike, causing
   extra injury to most foes and up to half again as much damage against
   particularly susceptible opponents.
   They can also slow down cold-blooded creatures.
   It affects your resistance to hostile enchantments.
   It has a curse placed upon it.
Missiles
 b - 204 arrows
 f - a tomahawk
 g - 234 stones (quivered)
 M - a throwing net
Armour
 m - a +0 helmet (melded)
 x - a +0 pair of gloves (melded)
 I - a +2 robe of magic resistance (melded)
Jewellery
 l - an amulet of the gourmand (around neck)
 o - a +3 ring of evasion
 H - a cursed ring of protection from cold (right front leg)
 K - a +5 ring of dexterity (left front leg)
Wands
 t - a wand of paralysis (22)
 A - a wand of iceblast (12)
 C - a wand of disintegration (12)
 J - a wand of random effects (15)
Scrolls
 c - a scroll of amnesia {unknown}
 h - 2 scrolls of remove curse {unknown}
 k - 3 scrolls of random uselessness {unknown}
 n - 8 scrolls of identify {unknown}
 p - 4 scrolls of teleportation {unknown}
 s - a scroll of magic mapping {unknown}
 y - 2 scrolls of fear {unknown}
 B - 2 scrolls of enchant armour {unknown}
 L - a scroll of vulnerability
Potions
 e - 3 potions of brilliance {unknown}
 i - 2 potions of mutation {unknown}
 j - 2 potions of flight {unknown}
 q - a potion of haste {unknown}
 r - a potion of curing {unknown}
 u - a potion of resistance {unknown}
 v - 2 potions of degeneration {unknown}
 w - a potion of invisibility {unknown}
 z - a potion of heal wounds {unknown}
 E - 2 potions of lignification {unknown}
Comestibles
 d - 14 rations
 F - 2 chunks of flesh


   Skills:
 + Level 5.9 Fighting
 + Level 5.2 Short Blades
 + Level 5.2 Long Blades
 + Level 5.2 Axes
 + Level 5.2 Maces & Flails
 + Level 5.2 Polearms
 + Level 5.2 Staves
 + Level 5.2 Slings
 + Level 5.2 Bows
 + Level 5.2 Crossbows
 + Level 5.2 Throwing
 + Level 5.2 Armour
 + Level 7.0 Dodging
 + Level 5.2 Stealth
 + Level 5.2 Shields
 + Level 8.5 Unarmed Combat
 + Level 7.3 Spellcasting
 + Level 4.3 Conjurations
 + Level 4.3 Hexes
 + Level 4.3 Charms
 + Level 4.3 Summonings
 + Level 4.3 Necromancy
 + Level 4.3 Translocations
 + Level 5.8 Transmutations
 + Level 4.3 Fire Magic
 + Level 4.3 Ice Magic
 + Level 4.3 Air Magic
 + Level 4.3 Earth Magic
 + Level 4.3 Poison Magic
 + Level 5.7 Invocations
 + Level 5.2 Evocations


You had 11 spell levels left.
You knew the following spells:

 Your Spells              Type           Power        Failure   Level  Hunger
d - Beastly Appendage     Tmut           ###...       5%          1    None
e - Spider Form           Tmut/Pois      ###.......   14%         3    ##.....
f - Ice Form              Ice/Tmut       ###.....     34%         4    ####...
g - Cause Fear            Hex            ###.......   43%         4    ####...

Your spell library contained the following spells:

 Spells                   Type           Power        Failure   Level  Hunger
 Sticks to Snakes         Tmut           ###.....     8%          2    None
 Corona                   Hex            ###....      9%          1    None
 Slow                     Hex            ###.....     11%         2    None
 Inner Flame              Hex/Fire       ###.....     17%         3    ##.....
 Portal Projectile        Hex/Tloc       ###...       17%         3    ##.....
 Leda's Liquefaction      Hex/Erth       ###.......   43%         4    ####...
 Blade Hands              Tmut           ###.......   54%         5    #####..


Dungeon Overview and Level Annotations

Branches:
Dungeon (9/15)             Temple (0/1) D:7            Lair (0/6) D:8
    Orc: D:9-12

Altars:
Ashenzari
Cheibriados
Hepliaklqana
Kikubaaqudgha
Makhleb
Qazlal
Uskayaw
Yredelemnul
Zin
The Shining One

Shops:
D:5 :

Annotations:
D:7 3 runed translucent doors, Alannah's ghost, novice MiBe


Innate Abilities, Weirdness & Mutations

Your experience applies equally to all skills.
((You have very sharp teeth.))
Your uncanny sense of smell can sniff out nearby items.


Message History

Your +0 helmet melds into your body.
Your +0 pair of gloves melds into your body.
Your +2 robe of magic resistance melds into your body.
The Singing Sword sighs.
You feel less resistant to hostile enchantments.
The troll bites you!
* * * LOW HITPOINT WARNING * * *
The troll completely misses you. x2
You bite the troll!
The troll is poisoned.
The troll is heavily wounded.
The troll completely misses you. x2; The troll closely misses you.
You hit the troll but do no damage.
The troll is severely wounded.
The troll bites you but does no damage. The troll completely misses you.
The troll misses you.
Okay, then.
A demon appears!
You can no longer hurl Makhleb's greater destruction.
The troll bites you!
You die...

####.##### #≈≈≈#
#.......<##≈≈≈##
#........#≈≈≈#
#........≈≈≈#
#.......≈≈≈###
∆.........≈≈...#
###..........###
#.......3..#
#......s...#
########T###
#KK.K# #(####
#......)KK...#
+............#
#.........K..#
#........KK..+
#............#


You could see a troll, a kobold and a friendly neqoxec.

Vanquished Creatures
  Pikel (D:7)
  A spriggan (D:7)
  Menkaure (D:6)
  Edmund (D:6)
  A porcupine (D:8)
  4 slaves (D:7)
  3 black bears (D:8)
  2 orc warriors
  A hornet zombie (D:7)
  A sky beast (D:6)
  2 phantoms
  A necrophage (D:7)
  4 centaurs
  2 ogres
  A big kobold (D:8)
  2 crocodiles (D:8)
  3 bullfrogs
  A gnoll sergeant (D:8)
  7 scorpions
  2 water moccasin skeletons
  A killer bee (D:8)
  An electric eel (D:9)
  A howler monkey (D:6)
  5 crimson imps
  2 quasits (D:8)
  A bullfrog zombie (D:7)
  2 hounds
  2 jellies (D:8)
  A centaur zombie (D:8)
  2 centaur skeletons
  A gnoll shaman (D:7)
  4 orc priests
  2 bullfrog skeletons (D:8)
  8 orc wizards
  2 iguanas (D:8)
  10 worker ants
  10 gnolls
  A howler monkey skeleton (D:4)
  11 adders
  2 shadow imps
  An adder skeleton (D:4)
  2 adder zombies
  2 worms
  3 dart slugs
  5 leopard geckos
  17 orcs
  2 bats (D:1)
  7 giant cockroaches
  4 goblins
  8 hobgoblins
  5 jackals
  11 kobolds
  3 quokkas
  5 frilled lizards
  A leopard gecko skeleton (D:7)
  9 rats
  2 butterflies (D:8)
  15 fungi (D:8)
  12 plants (D:8)
224 creatures vanquished.

Vanquished Creatures (others)
  A jackal (D:4)
  11 fungi (D:8)
  7 plants (D:8)
19 creatures vanquished.

Grand Total: 243 creatures vanquished

Notes
Turn   | Place    | Note
-------+----------+-------------------------------------------
     0 | D:1      | FishyPogo the Gnoll Transmuter began the quest for the Orb.
     0 | D:1      | Reached XP level 1. HP: 17/17 MP: 6/6
   178 | D:1      | Reached XP level 2. HP: 9/23 MP: 5/7
   886 | D:2      | Reached XP level 3. HP: 27/28 MP: 9/9
   891 | D:2      | Learned a level 3 spell: Spider Form
   902 | D:2      | Reached skill level 5 in Spellcasting
   957 | D:2      | Reached skill level 1 in Invocations
   969 | D:2      | Found a burning altar of Makhleb.
   977 | D:2      | Became a worshipper of Makhleb the Destroyer
  1070 | D:2      | Reached skill level 1 in Short Blades
  1070 | D:2      | Reached skill level 1 in Long Blades
  1070 | D:2      | Reached skill level 1 in Axes
  1070 | D:2      | Reached skill level 1 in Maces & Flails
  1070 | D:2      | Reached skill level 1 in Polearms
  1070 | D:2      | Reached skill level 1 in Staves
  1070 | D:2      | Reached skill level 1 in Slings
  1070 | D:2      | Reached skill level 1 in Bows
  1070 | D:2      | Reached skill level 1 in Crossbows
  1070 | D:2      | Reached skill level 1 in Throwing
  1070 | D:2      | Reached skill level 1 in Armour
  1070 | D:2      | Reached skill level 1 in Stealth
  1070 | D:2      | Reached skill level 1 in Shields
  1070 | D:2      | Reached skill level 1 in Evocations
  1211 | D:2      | Reached XP level 4. HP: 23/34 MP: 9/11
  1342 | D:2      | Found a faded altar of an unknown god.
  1569 | D:3      | Reached skill level 1 in Conjurations
  1569 | D:3      | Reached skill level 1 in Hexes
  1569 | D:3      | Reached skill level 1 in Charms
  1569 | D:3      | Reached skill level 1 in Summonings
  1569 | D:3      | Reached skill level 1 in Necromancy
  1569 | D:3      | Reached skill level 1 in Translocations
  1569 | D:3      | Reached skill level 1 in Fire Magic
  1569 | D:3      | Reached skill level 1 in Ice Magic
  1569 | D:3      | Reached skill level 1 in Air Magic
  1569 | D:3      | Reached skill level 1 in Earth Magic
  1569 | D:3      | Reached skill level 1 in Poison Magic
  2012 | D:4      | Noticed a centaur
  2024 | D:4      | Killed a centaur
  2024 | D:4      | Reached XP level 5. HP: 35/41 MP: 9/12
  2103 | D:4      | Reached XP level 6. HP: 45/47 MP: 11/13
  2403 | D:4      | Reached skill level 5 in Dodging
  2816 | D:4      | Found a stormy altar of Qazlal.
  3035 | D:5      | Entered Level 5 of the Dungeon
  3045 | D:5      | Reached XP level 7. HP: 48/52 MP: 13/15
  3147 | D:5      | Reached skill level 7 in Unarmed Combat
  3182 | D:5      | Found a hazy altar of Hepliaklqana.
  3186 | D:5      | Found a basalt altar of Yredelemnul.
  3187 | D:5      | Found a snail-covered altar of Cheibriados.
  3187 | D:5      | Found a shattered altar of Ashenzari.
  3187 | D:5      | Found a glowing golden altar of the Shining One.
  3190 | D:5      | Found a glowing silver altar of Zin.
  3192 | D:5      | Found a hide-covered altar of Uskayaw.
  3586 | D:5      | Found Wyos's Book Shoppe.
  3594 | D:5      | Reached * piety under Makhleb
  3634 | D:5      | Learned a level 4 spell: Ice Form
  3758 | D:6      | Reached XP level 8. HP: 53/60 MP: 16/16
  3873 | D:6      | Noticed Edmund
  3887 | D:6      | Killed Edmund
  3901 | D:6      | Identified the cursed +0 hunting sling "Zyaxuxit" {freeze,
                  | MR+}
  4085 | D:6      | Noticed Menkaure
  4100 | D:6      | Killed Menkaure
  4347 | D:7      | Noticed a spriggan baker
  4352 | D:7      | Killed a spriggan baker
  4352 | D:7      | Reached XP level 9. HP: 47/66 MP: 18/18
  4375 | D:7      | Found a staircase to the Ecumenical Temple.
  4431 | D:7      | Reached skill level 5 in Transmutations
  4546 | D:7      | Reached ** piety under Makhleb
  4755 | D:7      | Reached skill level 5 in Fighting
  4884 | D:7      | Found a runed translucent gate.
  4886 | D:7      | Found a runed translucent gate.
  4887 | D:7      | Found a runed translucent gate.
  4921 | D:7      | Noticed Alannah's ghost (novice MiBe)
  4928 | D:7      | Noticed Pikel
  4953 | D:7      | Killed Pikel
  4953 | D:7      | Reached skill level 8 in Unarmed Combat
  5189 | D:8      | Reached skill level 5 in Invocations
  5274 | D:8      | Reached XP level 10. HP: 60/74 MP: 17/20
  5414 | D:8      | Found a staircase to the Lair.
  5414 | D:8      | Noticed a two-headed ogre
  5472 | D:8      | Found the +7 Singing Sword {slice, sonic wave}
  5525 | D:8      | Reached *** piety under Makhleb
  5627 | D:8      | Found an ancient bone altar of Kikubaaqudgha.
  5662 | D:8      | Reached skill level 5 in Short Blades
  5662 | D:8      | Reached skill level 5 in Long Blades
  5662 | D:8      | Reached skill level 5 in Axes
  5662 | D:8      | Reached skill level 5 in Maces & Flails
  5662 | D:8      | Reached skill level 5 in Polearms
  5662 | D:8      | Reached skill level 5 in Staves
  5662 | D:8      | Reached skill level 5 in Slings
  5662 | D:8      | Reached skill level 5 in Bows
  5662 | D:8      | Reached skill level 5 in Crossbows
  5662 | D:8      | Reached skill level 5 in Throwing
  5662 | D:8      | Reached skill level 5 in Armour
  5662 | D:8      | Reached skill level 5 in Stealth
  5662 | D:8      | Reached skill level 5 in Shields
  5662 | D:8      | Reached skill level 5 in Evocations
  5731 | D:8      | Found a runed translucent door.
  5736 | D:8      | Found a runed translucent door.
  6063 | D:8      | Reached **** piety under Makhleb
  6291 | D:9      | Learned a level 4 spell: Cause Fear
  6325 | D:9      | Slain by a troll

Skill      XL: |  1  2  3  4  5  6  7  8  9 10 |
---------------+-------------------------------+-----
Spellcasting   | 5 6 7 |  7.3
Invocations    | 1 2 3 4 5 |  5.7
Short Blades   | 1 2 3 4 5 |  5.2
Long Blades    | 1 2 3 4 5 |  5.2
Axes           | 1 2 3 4 5 |  5.2
Maces & Flails | 1 2 3 4 5 |  5.2
Polearms       | 1 2 3 4 5 |  5.2
Staves         | 1 2 3 4 5 |  5.2
Slings         | 1 2 3 4 5 |  5.2
Bows           | 1 2 3 4 5 |  5.2
Crossbows      | 1 2 3 4 5 |  5.2
Throwing       | 1 2 3 4 5 |  5.2
Armour         | 1 2 3 4 5 |  5.2
Stealth        | 1 2 3 4 5 |  5.2
Shields        | 1 2 3 4 5 |  5.2
Evocations     | 1 2 3 4 5 |  5.2
Conjurations   | 1 2 3 4 |  4.3
Hexes          | 1 2 3 4 |  4.3
Charms         | 1 2 3 4 |  4.3
Summonings     | 1 2 3 4 |  4.3
Necromancy     | 1 2 3 4 |  4.3
Translocations | 1 2 3 4 |  4.3
Fire Magic     | 1 2 3 4 |  4.3
Ice Magic      | 1 2 3 4 |  4.3
Air Magic      | 1 2 3 4 |  4.3
Earth Magic    | 1 2 3 4 |  4.3
Poison Magic   | 1 2 3 4 |  4.3
Fighting       | 3 4 5 |  5.9
Transmutations | 4 5 |  5.8
Dodging        | 5 6 7 |  7.0
Unarmed Combat | 7 8 |  8.5

Action                   |  1- 3 |  4- 6 |  7- 9 | 10-12 || total
-------------------------+-------+-------+-------+-------++-------
Melee: Unarmed           |    92 |    33 |   189 |    34 ||   348
       Bite              |     4 |     5 |     8 |    10 ||    27
       Kick              |     9 |     6 |    23 |     2 ||    40
       Punch             |     5 |     1 |     3 |     3 ||    12
       Headbutt          |     2 |       |       |       ||     2
       Dagger            |       |    39 |   107 |     9 ||   155
       Double sword      |       |       |       |    53 ||    53
Throw: Tomahawk          |       |       |     2 |       ||     2
       Stone             |       |       |       |     6 ||     6
 Cast: Beastly Appendage |    12 |     7 |     9 |     2 ||    30
       Spider Form       |     1 |     5 |    20 |     3 ||    29
       Ice Form          |       |       |       |     1 ||     1
Invok: Minor Destruction |       |       |       |    19 ||    19
       Lesser Servant of |       |       |       |     1 ||     1
 Abil: End Transformatio |       |     1 |       |       ||     1
  Use: Scroll            |       |       |       |     1 ||     1
 Stab: Sleeping          |     4 |     5 |     8 |     4 ||    21
       Distracted        |       |     1 |     1 |     1 ||     3
  Eat: Chunk             |     1 |     5 |    18 |     4 ||    28
Armor: Robe              |     9 |     3 |     9 |     9 ||    30
       Skin              |       |       |     2 |     3 ||     5
Dodge: Dodged            |    54 |    46 |   261 |    94 ||   455
       Rpst.: Double sword |       |       |       |     8 ||     8
